 Dungeon Crawl Stone Soup version 0.27-a0-1502-g47ed6a6988 (webtiles) character file.

Game seed: 10881287815100658250

117 garrulousMonolith the Slasher (level 4, -2/34 HPs)
             Began as a Demonspawn Gladiator on July 8, 2021.
             Was an Initiate of Yredelemnul.
             Slain by a gnoll (7 damage)
             ... on level 4 of the Dungeon.
             The game lasted 00:02:58 (2605 turns).

garrulousMonolith the Slasher (DsGl)                Turns: 2605, Time: 00:02:59

Health: -2/34      AC:  6    Str: 16    XL:     4   Next: 71%
Magic:  4/4        EV: 11    Int:  9    God:    Yredelemnul [......]
Gold:   110        SH:  0    Dex: 14    Spells: 3/3 levels left

rFire    . . .     SeeInvis .   a - +0 long sword
rCold    . . .     Faith    .   (no shield)
rNeg     . . .     Spirit   .   m - +0 ring mail
rPois    +         Reflect  .   c - +0 helmet
rElec    .         Harm     .   (no cloak)
rCorr    .         Rampage  .   (no gloves)
Will     .....                  (no boots)
Stlth    +.........             (no amulet)
HPRegen  0.11/turn              l - ring of poison resistance
MPRegen  0.09/turn              (no ring)

@: no status effects
A: claws 1
a: Renounce Religion


You were on level 4 of the Dungeon.
You worshipped Yredelemnul.
Yredelemnul was noncommittal.
You visited 2 branches of the dungeon, and saw 5 of its levels.

You collected 110 gold pieces.

Inventory:

Hand Weapons
 a - a +0 long sword (weapon)
Missiles
 d - 3 throwing nets
 g - 2 boomerangs (quivered)
Armour
 c - a +0 helmet (worn)
 m - a +0 ring mail (worn)
Jewellery
 l - a ring of poison resistance (left claw)
Scrolls
 b - a scroll of brand weapon {unknown}
 f - a scroll of silence {unknown}
 h - a scroll of immolation {unknown}
 i - a scroll of identify {unknown}
Potions
 j - 2 potions of brilliance {unknown}
 k - a potion of heal wounds {unknown}


   Skills:
 + Level 2.9 Fighting
 * Level 4.0 Long Blades
 - Level 2.0 Throwing
 + Level 3.3 Dodging
 * Level 0.1 Invocations


You had 3 spell levels left.
You didn't know any spells.
Your spell library was empty.

Dungeon Overview and Level Annotations

Branches:
Dungeon (4/15)             Temple (1/1) D:4

Altars:
Cheibriados
Dithmenos
Fedhas
Gozag
Kikubaaqudgha
Makhleb
Nemelex Xobeh
Okawaru
Ru
Sif Muna
Trog
Vehumet
Wu Jian
Yredelemnul
Zin
The Shining One

Annotations:
D:4 1 runed translucent door, Phlounder's ghost, amateur DjCj


Innate Abilities, Weirdness & Mutations

You have sharp fingernails.


Message History

There is a staircase back to the Dungeon here.
Done exploring.
Done exploring.
You can't go up here!
(D) Dungeon (T) Temple
Where to? (Enter - D:4, ? - help)
There is a staircase back to the Dungeon here.
You climb upwards.
Welcome back to the Dungeon!
You hear the sound of rushing water.
There is an entrance to a sewer on this level.
Hurry and find it before the portal rusts away!
Level annotation: 1 runed translucent door, Phlounder's ghost, amateur DjCj You hear the rusting of a very distant drain.
The gnoll hits you from afar with a +0 spear. x2
The kobold throws a stone.
The stone misses you.
There is a staircase to the Ecumenical Temple, spattered with blood here.
The gnoll hits you but does no damage. The gnoll hits you with a +0 spear.
The kobold barely misses you.
There is an open door here.
The gnoll hits you but does no damage.
There is a staircase to the Ecumenical Temple, spattered with blood here.
You slash the kobold!
You kill the kobold!
Yredelemnul accepts your kill. The gnoll closely misses you.
The gnoll misses you. The gnoll barely misses you. The gnoll barely misses you.
The gnoll hits you but does no damage. The gnoll hits you with a +0 spear.
There is an open door, spattered with blood here.
Things that are here:
a +0 club; 5 stones You hit the gnoll.
The gnoll is moderately wounded.
The gnoll hits you with a +0 halberd! The gnoll hits you with a +0 spear.
The gnoll barely misses you.
You are too injured to fight recklessly!
The gnoll hits you from afar with a +0 halberd!
* * * LOW HITPOINT WARNING * * *
The gnoll hits you from afar with a +0 spear!
You die...
Your body rises from the dead as a mindless zombie.

#..........##W##......
#.....K.....###.......
#...#######...........
..$.... #.K.......
....... #.........
###'### #.........
#.....###.........
#.###g#...........
+.#@)gg...........
#.###g#...........
#.....#...........
###+###....#######
.....# #######


You could see 4 gnolls.

Vanquished Creatures
  A hound (D:4)
  Jessica (D:2)
  An adder (D:2)
  A dart slug (D:1)
  An orc (D:2)
  7 ball pythons
  3 endoplasms
  2 giant cockroaches
  4 goblins
  5 hobgoblins
  4 jackals (D:1)
  5 kobolds
  A quokka (D:1)
  2 bats (D:1)
  2 frilled lizards
  4 rats
44 creatures vanquished.

Notes
Turn   | Place    | Note
-------+----------+-------------------------------------------
     0 | D:1      | garrulousMonolith the Demonspawn Gladiator began the quest
                  | for the Orb.
     0 | D:1      | Reached XP level 1. HP: 16/16 MP: 1/1
   162 | D:1      | Gained mutation: You have sharp fingernails. [demonic
                  | ancestry]
   162 | D:1      | Reached XP level 2. HP: 4/22 MP: 2/2
   294 | D:1      | Reached skill level 3 in Long Blades
  1199 | D:2      | Reached XP level 3. HP: 28/28 MP: 3/3
  1491 | D:2      | Found a faded altar of an unknown god.
  1946 | D:2      | Noticed Jessica
  1955 | D:2      | Killed Jessica
  1956 | D:2      | Reached XP level 4. HP: 26/34 MP: 4/4
  2353 | D:4      | Found a runed translucent door.
  2353 | D:4      | Noticed Phlounder's ghost (amateur DjCj)
  2381 | D:4      | Found a staircase to the Ecumenical Temple.
  2384 | D:4      | Reached skill level 4 in Long Blades
  2389 | Temple   | Entered the Ecumenical Temple
  2483 | Temple   | Became a worshipper of Yredelemnul the Dark
  2605 | D:4      | Slain by a gnoll

Illustrated notes

Levels and vault maps discovered:
D:1:      saegor_arrival_simple_e, layout_basic, hex_large, serial_park_tiny_1
D:2:      layout_loops_ring, chequers_ecumenical_altar_island, uniq_jessica
D:3:      layout_basic, nicolae_overflow_crystal_walls
D:4:      minmay_goblin_kobold_castle, layout_basic,
          minmay_temple_entry_glassed_door, hellmonk_ghost_happy_afterlife,
          portal_sewer_entry_c
Temple:   eino_temple_scatter_basement

Skill      XL: |  1  2  3  4 |
---------------+-------------+-----
Long Blades    | 3 4 |  4.0
Throwing       | 2 |  2.0
Dodging        | 3 |  3.3
Fighting       | |  2.9
Invocations    | |  0.1

Action                   |  1- 3 |  4- 6 || total
-------------------------+-------+-------++-------
Melee: Long sword        |    92 |    26 ||   118
 Stab: Sleeping          |     1 |       ||     1
Armor: Leather armour    |    25 |     1 ||    26
       Plate armour      |    14 |       ||    14
       Ring mail         |       |    17 ||    17
Dodge: Dodged            |    72 |    42 ||   114
       Rpst.: Long sword |    23 |     7 ||    30

Table legend: (Time is in decaauts)
 A = Elapsed time spent in this place.
 B = Non-inter-level travel time spent in this place.
 C = Inter-level travel time spent in this place.
 D = Time resting spent in this place.
 E = Time spent auto-exploring this place.
 F = Levels seen in this place.
 G = Mean time per level.
                   A        B        C        D        E       F      G
               +--------+--------+--------+--------+--------+-----+--------+
         Total |   2639 |   2526 |    113 |    234 |   1768 |   5 |  527.8 |
       Dungeon |   2429 |   2330 |     99 |    234 |   1667 |   4 |  607.2 |
        Temple |    209 |    195 |     14 |      0 |    101 |   1 |  209.0 |
               +--------+--------+--------+--------+--------+-----+--------+

Top non-repeatable levels by time:
     D:1: 1183 daAuts
     D:2: 985 daAuts
  Temple: 209 daAuts
     D:3: 206 daAuts
     D:4: 55 daAuts
